 Dungeon Crawl Stone Soup version 0.19.1-1-g22dce08 (webtiles) character file.

2336 Pyrax the Geomancer (level 9, -4/47 HPs)
             Began as a Gargoyle Earth Elementalist on Jan 9, 2017.
             Was a Follower of Vehumet.
             Slain by a wyvern (16 damage)
             ... on level 7 of the Dungeon.
             The game lasted 00:34:49 (10956 turns).

Pyrax the Geomancer (Gargoyle Earth Elementalist)  Turns: 10956, Time: 00:34:50

Health: -4/47      AC:  9    Str: 20    XL:     9   Next: 42%
Magic:  29/29      EV: 12    Int: 18    God:    Vehumet [*.....]
Gold:   205        SH:  0    Dex: 10    Spells: 3 memorised, 14 levels left

rFire  . . .     SeeInvis .     h - +9 dagger "Dragon's Death Toll" {pain, -Tele *Slow rPois Str+7}
rCold  . . .     Gourm    .     c - +1 robe
rNeg   + . .     Faith    .     (no shield)
rPois  ∞         Spirit   .     I - +0 helmet
rElec  +         Reflect  .     (no cloak)
rCorr  .         Harm     .     (no gloves)
MR     .....     NoTele   +     (no boots)
Stlth  ++........               (no amulet)
                                A - ring of magical power
                                u - ring of wizardry

@: no status effects
A: negative energy resistance 1, electricity resistance, unbreathing,
petrification resistance, rot immunity, AC +5
a: Renounce Religion


You were on level 7 of the Dungeon.
You worshipped Vehumet.
Vehumet was aware of your devotion.
You were not hungry.

You visited 2 branches of the dungeon, and saw 8 of its levels.

You collected 425 gold pieces.
You spent 220 gold pieces at shops.

Inventory:

Hand Weapons
 h - the +9 dagger "Dragon's Death Toll" (weapon) {pain, -Tele *Slow rPois Str+7}
   (You found it on level 6 of the Dungeon)

   In the hands of one skilled in necromantic magic, it inflicts extra damage on
   living creatures.
   It affects your strength (+7).
   It protects you from poison.
   It prevents most forms of teleportation.
   It may slow you when you take damage.
 k - a +2 dagger of draining
 p - a +1 flail
 q - a +0 morningstar
 x - a +1 falchion of holy wrath
 H - a +0 scimitar
Missiles
 b - 101 stones (quivered)
Armour
 c - a +1 robe (worn)
 r - a +1 leather armour of fire resistance
 I - a +0 helmet (worn)
Jewellery
 u - a ring of wizardry (left hand)
 A - a ring of magical power (right hand)
Wands
 C - a wand of flame (20/48)
 D - a wand of polymorph (7/24)
Scrolls
 s - 2 scrolls of magic mapping
 v - a scroll of enchant armour
 y - 2 scrolls of remove curse
Potions
 a - 4 potions of curing
 f - 4 potions of brilliance
 g - a potion of haste {unknown}
 j - a potion of might {unknown}
 m - 2 potions of cancellation
 n - a potion of beneficial mutation {unknown}
 o - a potion of agility
 t - 3 potions of heal wounds
 w - a potion of lignification {unknown}
 B - a potion of invisibility {unknown}
 E - a potion of magic {unknown}
 F - a potion of mutation {unknown}
Books
 e - a book of Geomancy

   Spells                             Type                      Level
   a - Sandblast                      Earth                        1
   b - Passwall                       Transmutation/Earth          2
   c - Stone Arrow                    Conjuration/Earth            3
   d - Petrify                        Transmutation/Earth          4
   e - Lee's Rapid Deconstruction     Earth                        5
 G - a book of Battle

   Spells                             Type                      Level
   a - Infusion                       Charms                       1
   b - Shroud of Golubria             Charms/Translocation         2
   c - Song of Slaying                Charms                       2
   d - Spectral Weapon                Hexes/Charms                 3
   e - Regeneration                   Charms/Necromancy            3
Comestibles
 d - 5 bread rations
 i - a beef jerky
 l - a royal jelly
 J - 11 chunks of flesh


   Skills:
 + Level 1.2 Fighting
 + Level 0.8 Long Blades
 + Level 0.9 Armour
 + Level 1.9 Dodging
 - Level 2.1 Stealth
 * Level 7.9 Spellcasting
 + Level 6.2 Conjurations
   Level 0.7 Transmutations
 + Level 8.5 Earth Magic


You had 14 spell levels left.
You knew the following spells:

 Your Spells              Type           Power        Failure   Level  Hunger
a - Sandblast             Erth           #####.       1%          1    None
b - Stone Arrow           Conj/Erth      ####..       1%          3    #......
c - Lee's Rapid Deconstr  Erth           #####.....   4%          5    #####..


Dungeon Overview and Level Annotations

Branches:
Dungeon (7/15)             Temple (1/1) D:5

Altars:
Ashenzari
Cheibriados
Dithmenos
Elyvilon
Fedhas
Gozag
Hepliaklqana
Kikubaaqudgha
Makhleb
Nemelex Xobeh
Okawaru
Qazlal
Ru
Sif Muna
Trog
Uskayaw
Vehumet
Xom
Yredelemnul
Zin
The Shining One

Shops:
D:6 *

Annotations:
D:3 raselius's ghost, amateur HOMo
D:6 exclusion: oklob plant


Innate Abilities, Weirdness & Mutations

You are resistant to torment.
Your stone body is resilient. (AC +5)
You are immune to poison.
You resist negative energy. (rN+)
You are resistant to electric shocks. (rElec)
You can survive without breathing.
You are immune to petrification.
You are immune to rotting.


Message History

The jackal completely misses you. The jackal barely misses you.
You barely miss the jackal.
The jackal is almost dead.
You hit the jackal but do no damage.
The jackal is almost dead.
The jackal closely misses you.
The jackal bites you but does no damage.
The jackal bites you.
The jackal bites you but does no damage.
You hit the jackal.
You kill the jackal!
Vehumet accepts your kill. The jackal closely misses you.
You puncture the jackal!
You kill the jackal!
Vehumet accepts your kill.
You barely miss the wyvern. The wyvern bites you!
* * * LOW HITPOINT WARNING * * *
The wyvern bites you!
You die...

##..####.#
#.......# #...##..#
###.....########
###..........
########..######.##
...................
.########.#..##l##
#.#...@†#
##.#.#.####
##....#...<#
###....#####.#
#.....## #.#
######..#### #.##
##.(.!...# #..##
...###(### ##>.#
######.# ##.##


You could see a wyvern.

Vanquished Creatures
  2 hippogriffs (D:7)
  Duvessa (D:6)
  A sky beast (D:6)
  An ice beast (D:6)
  A phantom (D:5)
  An ogre (D:6)
  A black bear (D:6)
  An orc warrior (D:7)
  4 centaurs
  A bullfrog (D:6)
  Dowan (D:6)
  A scorpion (D:4)
  2 howler monkeys (D:5)
  A crimson imp (D:7)
  A bullfrog zombie (D:5)
  A centaur zombie (D:7)
  A hound (D:7)
  2 bullfrog skeletons
  A jelly (D:6)
  8 orc wizards
  2 iguanas
  2 worker ants
  A hound zombie (D:6)
  A hound skeleton (D:6)
  A howler monkey zombie (D:5)
  6 adders
  3 shadow imps
  An ooze (D:6)
  4 worms
  A dart slug (D:1)
  6 leopard geckos
  29 orcs
  3 ball pythons
  4 bats
  5 giant cockroaches
  6 hobgoblins
  10 jackals
  3 quokkas
  A ball python skeleton (D:4)
  3 frilled lizards
  16 goblins
  A jackal zombie (D:7)
  3 kobolds
  5 rats
150 creatures vanquished.

Notes
Turn   | Place    | Note
-------+----------+-------------------------------------------
     0 | D:1      | Pyrax the Gargoyle Earth Elementalist began the quest for the Orb.
     0 | D:1      | Reached XP level 1. HP: 10/10 MP: 3/3
   463 | D:1      | Reached XP level 2. HP: 15/15 MP: 1/5
   770 | D:1      | Reached skill level 4 in Earth Magic
  1256 | D:1      | Reached XP level 3. HP: 19/19 MP: 5/7
  1261 | D:1      | Learned a level 3 spell: Stone Arrow
  1519 | D:2      | Found a hazy altar of Hepliaklqana.
  1798 | D:2      | You fall through a shaft for 2 floors!
  2393 | D:2      | Reached skill level 1 in Conjurations
  2671 | D:2      | Reached XP level 4. HP: 21/24 MP: 5/8
  3038 | D:3      | Found a shattered altar of Ashenzari.
  3041 | D:3      | Found an iron altar of Okawaru.
  3044 | D:3      | Found a shadowy altar of Dithmenos.
  3488 | D:3      | Noticed raselius's ghost (amateur HOMo)
  3782 | D:4      | Reached XP level 5. HP: 15/28 MP: 5/10
  4078 | D:4      | Reached skill level 5 in Earth Magic
  4543 | D:4      | Found a white marble altar of Elyvilon.
  4729 | D:4      | Reached XP level 6. HP: 30/32 MP: 0/12
  5693 | D:4      | Noticed an angel
  5694 | D:4      | Found a glowing silver altar of Zin.
  5746 | D:5      | Entered Level 5 of the Dungeon
  5808 | D:5      | Learned a level 5 spell: Lee's Rapid Deconstruction
  6347 | D:5      | Reached skill level 6 in Earth Magic
  6347 | D:5      | Reached XP level 7. HP: 36/36 MP: 8/14
  6399 | D:5      | Found a bloodstained altar of Trog.
  6427 | D:5      | Found a glowing golden altar of the Shining One.
  6436 | D:5      | Found a basalt altar of Yredelemnul.
  6451 | D:5      | Noticed an angel
  6462 | D:5      | Reached skill level 5 in Spellcasting
  6992 | D:5      | Found a radiant altar of Vehumet.
  7000 | D:5      | Found a staircase to the Ecumenical Temple.
  7013 | D:5      | Became a worshipper of Vehumet
  7022 | Temple   | Entered the Ecumenical Temple
  7705 | D:6      | Got an encrusted dagger
  7706 | D:6      | Identified the +9 dagger "Dragon's Death Toll" {pain, -Tele *Slow rPois Str+7} (You found it on level 6 of the Dungeon)
  7752 | D:6      | Reached XP level 8. HP: 11/41 MP: 11/16
  7754 | D:6      | Reached skill level 7 in Earth Magic
  7992 | D:6      | Found a snail-covered altar of Cheibriados.
  8286 | D:6      | Found Iceshoyseez's General Store.
  8380 | D:6      | Noticed Duvessa
  8380 | D:6      | Noticed Dowan
  8383 | D:6      | Killed Dowan
  8414 | D:6      | Killed Duvessa
  8418 | D:6      | Reached skill level 5 in Conjurations
  9337 | D:6      | Found a blossoming altar of Fedhas.
  9513 | D:6      | Noticed an oklob plant
 10033 | D:6      | Bought an uncursed ring of magical power for 220 gold pieces
 10104 | D:7      | Noticed a hippogriff
 10113 | D:7      | Reached * piety under Vehumet
 10113 | D:7      | Offered knowledge of Flame Tongue by Vehumet.
 10113 | D:7      | Reached skill level 8 in Earth Magic
 10117 | D:7      | Killed a hippogriff
 10117 | D:7      | Reached XP level 9. HP: 9/45 MP: 4/20
 10946 | D:7      | Reached skill level 1 in Fighting
 10956 | D:7      | Slain by a wyvern

Skill      XL: |  1  2  3  4  5  6  7  8  9 |
---------------+----------------------------+-----
Earth Magic    | 4 5 6 8 |  8.5
Conjurations   | 1 2 3 4 5 6 |  6.2
Spellcasting   | 3 4 5 7 |  7.9
Fighting       | 1 |  1.2
Long Blades    | |  0.8
Armour         | |  0.9
Dodging        | |  1.9
Stealth        | |  2.1
Transmutations | |  0.7

Action                   |  1- 3 |  4- 6 |  7- 9 || total
-------------------------+-------+-------+-------++-------
Melee: Flail             |       |    31 |       ||    31
       Dagger            |       |       |   191 ||   191
 Cast: Sandblast         |    54 |    99 |     9 ||   162
       Stone Arrow       |       |     2 |    31 ||    33
       Lee's Rapid Decon |       |       |     5 ||     5
  Use: Scroll            |       |    11 |     4 ||    15
       Potion            |       |       |     2 ||     2
  Eat: Chunk             |     6 |    11 |    13 ||    30
       Royal jelly       |       |       |     1 ||     1
       Fruit             |       |       |     1 ||     1
       Pizza             |       |       |     1 ||     1
Armor: Robe              |     4 |    29 |    75 ||   108
Dodge: Dodged            |     7 |    43 |   114 ||   164
